Map: Ulrena

Players

Schnetz - Winner!

  • Race: Terran Terran
  • League: Bronze

Miltreta

  • Race: Terran Terran
  • League: Bronze

VOD

Have the link to the VOD?

Description

Time

  • Played on: March 14, 2016, 8:40 p.m.
  • Length: 8:22
Show
View Real Time Build Order
Export as new Build Order

Schnetz Terran - Winner!

Build Orders:  

Get SALT Encoding   

  12  0:01  SCV  
  13  0:16  Supply Depot  
  13  0:17  SCV  
  14  0:29  SCV  
  14  0:30  Refinery  
  15  0:42  SCV  
  16  0:54  SCV  
  17  0:58  Barracks  
  17  1:06  SCV  
  18  1:18  SCV  
  19  1:22  Barracks  
  19  1:30  SCV  
  20  1:42  Refinery, SCV  
  21  1:54  Barracks Tech Lab, SCV  
  21  1:55  Engineering Bay  
  22  2:06  SCV  
  23  2:17  Concussive Shells  
  23  2:27  Supply Depot  
  23  2:30  Barracks Reactor  
  23  2:41  Terran Infantry Weapons Level 1  
  23  2:49  Marauder  
  26  2:51  Supply Depot  
  25  2:59  Orbital Command  
  25  3:02  Combat Shields  
  25  3:09  Reaper  
  25  3:11  Marauder  
  28  3:29  Reaper  
  29  3:41  Reaper  
  29  3:46  Barracks  
  30  3:51  Supply Depot  
  30  4:01  Reaper  
  31  4:15  Supply Depot  
  31  4:19  Factory  
  31  4:23  Reaper  
  32  4:25  Marine  
  33  4:33  Marine  
  33  4:35  Terran Infantry Armor Level 1  
  34  4:38  Supply Depot  
  34  4:41  Barracks Reactor  
  34  4:43  Marine  
  35  4:50  Marine  
  35  4:51  SCV  
  37  4:55  Marine  
  38  5:01  Marauder  
  40  5:08  Marine  
  40  5:11  Command Center  
  40  5:13  Marine  
  42  5:18  Reaper  
  42  5:19  Reaper  
  44  5:23  Marauder  
  46  5:45  Hellion  
  46  5:48  Barracks  
  46  6:06  Hellion  
  45  6:28  Hellion  
  45  6:30  SCV  
  45  6:31  Refinery  
  48  6:35  Marine x4  
  48  6:36  Marine  
  53  6:42  SCV  
  54  6:49  Hellion  
  54  6:52  Factory  
  54  6:53  Marine x3  
  59  6:54  SCV  
  58  7:06  SCV  
  59  7:18  SCV  
  54  7:39  SCV  
  51  7:46  Refinery  
  51  7:48  Barracks Reactor  
  51  7:51  SCV, Marine x5  
  55  8:03  SCV  
Show
View Real Time Build Order
Export as new Build Order

Miltreta Terran 

Build Orders:  

Get SALT Encoding   

  12  0:01  SCV  
  13  0:13  SCV  
  14  0:21  Supply Depot  
  14  0:28  Refinery  
  14  0:29  SCV  
  15  0:43  Barracks  
  15  0:53  SCV  
  16  1:05  SCV  
  17  1:15  Supply Depot  
  17  1:28  SCV  
  18  1:39  Refinery  
  18  1:42  SCV  
  20  1:47  Reaper  
  20  1:55  SCV  
  21  2:09  Command Center  
  21  2:16  SCV  
  21  2:19  Reaper  
  23  2:29  Supply Depot  
  24  2:30  SCV  
  24  2:42  Orbital Command  
  24  2:50  Factory  
  24  3:12  SCV  
  24  3:34  Marine  
  23  3:38  Widow Mine  
  26  3:52  Marine  
  27  4:05  Barracks  
  27  4:08  Orbital Command  
  27  4:39  Engineering Bay  
  27  4:45  Starport  
  27  4:47  SCV x2  
  27  4:49  Barracks  
  29  4:58  Barracks Reactor  
  29  5:05  Barracks Tech Lab  
  29  5:20  Barracks  
  29  5:21  Barracks  
  29  5:22  Barracks  
  29  5:23  Barracks x2  
  29  5:27  Starport Reactor  
  29  5:41  Marine  
  29  5:42  Marine x2, Engineering Bay  
  19  6:23  SCV x2  
  19  6:24  Marine x2  
  22  6:25  Barracks Reactor  
  22  6:26  Barracks Reactor x4  
  22  6:27  Barracks Reactor  
  22  6:30  Factory Reactor  
  22  6:47  Marine  
  22  6:48  Marine  
  22  6:51  Medivac x2  
  27  7:15  Marine  
  27  7:16  Marine x7  
  27  7:17  Marine x3  
  27  7:18  Marine x3  
  27  7:19  Marine  
  33  7:48  Marine x5  
  33  7:49  Marine x4  
  33  7:50  Marine  
Tags
 
Add a new tag
Caveats
  • Supply blocks, unpowered buildings, or Contaminate may cause inaccurate times.
  • Supply counts are checked every 10 seconds.